[Event "Fagernes GM Open Autumn 2024"]
[Site "Fagernes"]
[Date "2024.10.09"]
[Round "4.14"]
[White "Hansen, Torbjorn Ringdal"]
[Black "Westrum, Kim Roger Hansen"]
[Result "1-0"]
[ECO "B37"]
[WhiteElo "2415"]
[BlackElo "2205"]
[Annotator "TA"]
[PlyCount "127"]
[EventDate "2024.10.03"]
[EventType "swiss"]
[EventCountry "NOR"]
[SourceTitle "playchess.com"]
[Source "ChessBase"]
[SourceQuality "1"]
[TimeControl "40/6000:2400+30"]

1. e4 c5 2. Nf3 Nc6 3. d4 cxd4 4. Nxd4 g6 5. c4 Bg7 6. Nc2 Nf6 7. Nc3 d6 8. Be2 O-O 9. O-O Nd7 10. Bd2 a5 11. Be3 Nc5 12. f3 a4 13. Na3 Qa5 14. Qd2 Be6 15. Rac1 Qb4 16. Kh1 Kh8 17. Rfd1 Rac8 18. Rc2 f5 19. exf5 gxf5 (19... Rxf5 $14 20. Qc1 Qa5) 20. Qc1 $16 f4 21. Bf2 (21. Bxf4 $16 {Strongly threatening Be3.} Nd4 22. Bg5 Nxc2 23. Nxc2) 21... Qa5 $14 22. Bf1 Bf5 23. Rcd2 Nb4 24. Bd4 e5 (24... Rf7 $11) 25. Bg1 (25. Bxc5 $16 dxc5 26. Nab5) 25... e4 (25... d5 $1 $11 26. cxd5 (26. Nxd5 Nxa2 27. Qa1 Nb4 $15) 26... Nxa2 27. Nxa2 Nb3) 26. fxe4 $14 (26. Rxd6 e3 27. Qa1 Rc6 $17) 26... Nxe4 27. Rd4 Nxc3 28. bxc3 Nc6 29. Rd5 Qxc3 30. Qxc3 Bxc3 31. Nb5 $1 (31. Rxd6 Bb4 32. Nb5 Bxd6 33. Nxd6 Rcd8 $17) 31... Be5 32. Nxd6 Bxd6 33. Rxd6 Bg4 34. R1d2 f3 35. g3 Rce8 36. Bf2 Rd8 (36... Kg7 $142) 37. a3 Rxd6 38. Rxd6 Bf5 39. c5 Kg7 40. Bb5 Be4 41. h3 (41. Bxa4 $6 Ra8 42. Bb5 Rxa3 $11) 41... Ne5 42. Kh2 Bc6 43. Bf1 Rf6 44. Rd8 (44. Rd1 $1 $16 {[%cal Rd1e1] Re1 would now be deadly.} Kf8 45. g4) 44... Rf8 (44... h5 $1 $11 {remains equal.}) 45. Rd1 ({White should try} 45. Rxf8 $1 $16 Kxf8 46. Bd4) 45... Kf7 (45... Nf7 $1 $11) 46. Rd6 ({Better is} 46. g4 $16) 46... Re8 (46... h5 $11) 47. g4 $14 Re6 48. Rd8 Re8 (48... h5 $1 $14) 49. Rd4 $16 Re7 50. Kg3 Rd7 (50... Ke8 $16 51. Rd1 Re6) 51. Rxd7+ $18 Nxd7 52. Bc4+ $1 Ke7 53. Kf4 Nf8 54. Bh4+ Kd7 55. Kf5 $1 Ng6 (55... Ke8 $16 56. Bg3 Nd7) 56. Bg3 $1 $18 Ne7+ {[%emt 0:00:14] [#]} 57. Ke5 $1 Ng6+ 58. Kf6 Ne7 {[%emt 0:00:12] [#]} 59. Be6+ ({White must play} 59. g5 $1 $18) 59... Ke8 60. Kg7 Be4 $2 (60... Bd5 $16 61. Bxd5 Nxd5) 61. h4 $18 (61. Bf7+ Kd7 $14) 61... Ng6 62. h5 (62. Kxh7 $2 {is the wrong capture.} Nf8+ (62... Nxh4+ 63. Kh6 $14) 63. Kg8 Nxe6 $19) 62... Nf8 $2 (62... Ne7 63. Bc4 (63. Bf7+ Kd8 $16) 63... Nc6) 63. Bf7+ $18 Ke7 64. Bh4+ 1-0

[Event "Fagernes GM Open Autumn 2024"]
[Site "Fagernes"]
[Date "2024.10.09"]
[Round "4.15"]
[White "Bhagat Kush"]
[Black "Sherman, Raem"]
[Result "1-0"]
[ECO "C07"]
[WhiteElo "2245"]
[BlackElo "2390"]
[Annotator "TA"]
[PlyCount "77"]
[EventDate "2024.10.03"]
[EventType "swiss"]
[EventCountry "NOR"]
[SourceTitle "playchess.com"]
[Source "ChessBase"]
[SourceQuality "1"]
[TimeControl "40/6000:2400+30"]

1. e4 e6 2. d4 d5 3. Nd2 c5 4. Ngf3 cxd4 5. Nxd4 Nc6 6. Bb5 Bd7 7. Nxc6 bxc6 8. Bd3 Bd6 9. Qe2 e5 10. c4 d4 {[%emt 0:00:00] The position is equal.} 11. c5 Bxc5 12. Nc4 Bb4+ 13. Bd2 Qe7 14. O-O Bxd2 15. Qxd2 Nh6 16. f4 exf4 17. Qxf4 {[%emt 0:00:00] Strongly threatening Nd6+.} O-O 18. h3 c5 19. e5 f5 20. Rae1 Be6 21. Nd6 Kh8 22. Qc1 f4 23. Rxf4 (23. Qxc5 f3 24. Qxd4 (24. Rxf3 $2 Rxf3 25. Qxd4 Rff8 $19) 24... fxg2 25. Rxf8+ (25. Kxg2 $2 Qg5+ 26. Kh1 Qh5 $19) 25... Rxf8 $11) 23... Rxf4 24. Qxf4 {[%emt 0:00:00] Qe4 is the strong threat.} Rf8 $1 25. Qe4 g6 $1 {[%emt 0:00:00] [#]} 26. b4 $1 cxb4 27. Qxd4 Rd8 (27... a5 $11) 28. Qxb4 $16 Bxa2 29. Qd4 $36 {[%emt 0:00:00][%mdl 2048] White is really pushing.} Be6 30. Rb1 (30. Ra1 $16) 30... Kg7 ({Black should play} 30... Nf5 $14 31. Bxf5 gxf5) 31. Ra1 ({Better is} 31. Bc4 $18 {Hoping for Qc3.} Nf5 32. Qc3 (32. Rb7 $2 Qxb7 33. Nxf5+ gxf5 $17)) 31... Nf7 32. Rxa7 {[%emt 0:00:00] White is much more active.} ({Much weaker is} 32. Qxa7 $6 Qxa7+ 33. Rxa7 Rd7 34. Rxd7 Bxd7 $11) 32... Qg5 (32... Rd7 $16 33. Ra6 Kg8) 33. Bc4 $18 Kh6 {[%emt 0:09:06] Black is weak on the light squares} 34. Bxe6 {[%emt 0:00:42] White mates.} (34. Nxf7+ $2 {perishes.} Bxf7 35. Rd7 Qc1+ (35... Rxd7 $2 36. Qxd7 Qe3+ 37. Kh1 $19) 36. Bf1 Rxd7 37. Qxd7 Bc4 $19) 34... Nxd6 35. exd6 Rxd6 36. Qg7+ Kh5 37. Qxh7+ Qh6 38. Ra5+ g5 {[%emt 0:00:00] [#]} 39. Rxg5+ $3 {[%emt 0:00:00] Weighted Error Value: White=0.11 (very precise) /Black=0.52.  Loses game:     	---       	Black=1      Mistake:       	White=2     	Black=2      Inaccurate:     	White=2     	Black=3      OK:         	White=11    	Black=10     Best:        	White=3     	Black=1      Strong:       	---       	Black=2} 1-0

[Event "Fagernes GM Open Autumn 2024"]
[Site "Fagernes"]
[Date "2024.10.09"]
[Round "4.16"]
[White "Sian, Shadi"]
[Black "Sidhant, Mohapatra"]
[Result "0-1"]
[ECO "D46"]
[WhiteElo "2182"]
[BlackElo "2369"]
[Annotator "RC"]
[PlyCount "78"]
[EventDate "2024.10.03"]
[EventType "swiss"]
[EventCountry "NOR"]
[SourceTitle "playchess.com"]
[Source "ChessBase"]
[SourceQuality "1"]
[TimeControl "40/6000:2400+30"]

1. d4 d5 2. c4 e6 3. Nc3 c6 4. e3 Nf6 5. Nf3 Nbd7 6. Bd3 dxc4 7. Bxc4 b5 8. Bd3 Bd6 9. O-O O-O 10. e4 e5 11. d5 cxd5 12. Nxd5 Nxd5 13. exd5 a6 14. Qc2 h6 15. Qc6 Nc5 16. Qxa8 Nxd3 17. Ne1 Nc5 18. Be3 Qe7 19. Bxc5 Bxc5 20. d6 Qxd6 21. Qf3 Qb6 22. Nc2 Bb7 23. Qg3 Re8 24. Rfe1 a5 25. Ne3 Re6 26. Rac1 Kh7 27. Qg4 Rf6 28. Qd7 Bd4 29. Qc7 Qa7 30. Rc2 Qa8 31. Kf1 Rg6 32. Qxf7 Bxg2+ 33. Ke2 Rf6 34. Qb3 a4 35. Qa3 b4 36. Qxb4 Qf3+ 37. Kd3 Qe4+ 38. Ke2 Bf3+ 39. Kf1 Qd3+ 0-1

[Event "Fagernes GM Open Autumn 2024"]
[Site "Fagernes"]
[Date "2024.10.09"]
[Round "4.17"]
[White "Namitbir Singh Walia"]
[Black "Vijayakumar, Rishi"]
[Result "1/2-1/2"]
[ECO "C78"]
[WhiteElo "2351"]
[BlackElo "2172"]
[Annotator "RC"]
[PlyCount "100"]
[EventDate "2024.10.03"]
[EventType "swiss"]
[EventCountry "NOR"]
[SourceTitle "playchess.com"]
[Source "ChessBase"]
[SourceQuality "1"]
[TimeControl "40/6000:2400+30"]

1. e4 e5 2. Nf3 Nc6 3. Bb5 a6 4. Ba4 Nf6 5. O-O b5 6. Bb3 Bc5 7. a4 Rb8 8. Nxe5 Nxe5 9. d4 Bxd4 10. Qxd4 d6 11. f4 Nc6 12. Qc3 Ne7 13. Qd3 O-O 14. Nc3 c5 15. axb5 axb5 16. Nxb5 Nxe4 17. Qxe4 Rxb5 18. Ra7 Bd7 19. Qd3 Nf5 20. Bc4 Rb8 21. Bd2 Be6 22. Bxe6 fxe6 23. Bc3 c4 24. Qe2 Qb6+ 25. Qf2 Qxf2+ 26. Kxf2 e5 27. Ke2 Nd4+ 28. Kd2 Nb5 29. Rd7 Nxc3 30. Kxc3 exf4 31. Rxd6 Rbe8 32. Rd4 g5 33. Rf3 Re2 34. Rd2 Re3+ 35. Rxe3 fxe3 36. Re2 Rf2 37. Rxe3 Rxg2 38. h3 h5 39. b4 cxb3 40. cxb3 g4 41. hxg4 Rxg4 42. b4 h4 43. b5 Kf7 44. Re1 h3 45. b6 Rg6 46. Rb1 h2 47. b7 Rg8 48. Kd4 Ke6 49. Kc5 Kd7 50. Rh1 Kc7 1/2-1/2

[Event "Fagernes GM Open Autumn 2024"]
[Site "Fagernes"]
[Date "2024.10.09"]
[Round "4.18"]
[White "Myagmarsuren, Evsuld"]
[Black "Eliseev, Sergey"]
[Result "1-0"]
[ECO "B90"]
[WhiteElo "2171"]
[BlackElo "2276"]
[Annotator "RC"]
[PlyCount "76"]
[EventDate "2024.10.03"]
[EventType "swiss"]
[EventCountry "NOR"]
[SourceTitle "playchess.com"]
[Source "ChessBase"]
[SourceQuality "1"]
[TimeControl "40/6000:2400+30"]

1. e4 c5 2. Nf3 d6 3. d4 Nf6 4. Nc3 cxd4 5. Nxd4 a6 6. Be3 e5 7. Nb3 Be6 8. f3 Be7 9. Qd2 O-O 10. O-O-O Nbd7 11. g4 b5 12. g5 b4 13. Ne2 Nh5 14. f4 a5 15. f5 a4 16. fxe6 axb3 17. cxb3 fxe6 18. Bh3 Qc8+ 19. Kb1 Nc5 20. Qxb4 Rf3 21. Bg4 Rxe3 22. Bxh5 g6 23. Qd2 Rd3 24. Qc1 Qa6 25. Nc3 gxh5 26. g6 Rxc3 27. gxh7+ Kh8 28. Qxc3 Nxe4 29. Qc7 Bd8 30. Qd7 Bg5 31. a4 Qa7 32. Qc6 Nd2+ 33. Ka2 Qa6 34. Qc2 Rc8 35. Qg6 Qb7 36. Rxd2 Qxh1 37. Qxg5 Qf3 38. Rxd6 Rb8 1-0

[Event "Fagernes GM Open Autumn 2024"]
[Site "Fagernes"]
[Date "2024.10.09"]
[Round "4.19"]
[White "Kanyamarala, Tarun"]
[Black "Soham Datar"]
[Result "1-0"]
[ECO "E46"]
[WhiteElo "2369"]
[BlackElo "2188"]
[Annotator "RC"]
[PlyCount "65"]
[EventDate "2024.10.03"]
[EventType "swiss"]
[EventCountry "NOR"]
[SourceTitle "playchess.com"]
[Source "ChessBase"]
[SourceQuality "1"]
[TimeControl "40/6000:2400+30"]

1. d4 Nf6 2. c4 e6 3. Nc3 Bb4 4. e3 O-O 5. Nge2 c5 6. a3 Bxc3+ 7. Nxc3 b6 8. d5 exd5 9. cxd5 d6 10. Bd3 Ba6 11. O-O Bxd3 12. Qxd3 Nbd7 13. e4 a6 14. a4 Qc7 15. Bg5 c4 16. Qg3 Rfe8 17. Rae1 Rab8 18. f4 b5 19. e5 Nh5 20. Qf3 g6 21. g4 Qc5+ 22. Kh1 Ng7 23. Rd1 Qa7 24. Ne4 h5 25. gxh5 Nxh5 26. Nxd6 Rf8 27. axb5 axb5 28. Bh6 Nc5 29. Bxf8 Rxf8 30. f5 Qe7 31. fxg6 Qh4 32. gxf7+ Kh8 33. Nf5 1-0

[Event "Fagernes GM Open Autumn 2024"]
[Site "Fagernes"]
[Date "2024.10.09"]
[Round "4.20"]
[White "Laddha, Shubh Jayesh"]
[Black "Advaitt Srikant Koduri"]
[Result "1-0"]
[ECO "B76"]
[WhiteElo "2308"]
[BlackElo "2162"]
[Annotator "RC"]
[PlyCount "103"]
[EventDate "2024.10.03"]
[EventType "swiss"]
[EventCountry "NOR"]
[SourceTitle "playchess.com"]
[Source "ChessBase"]
[SourceQuality "1"]
[TimeControl "40/6000:2400+30"]

1. e4 c5 2. Nf3 d6 3. d4 cxd4 4. Nxd4 Nf6 5. Nc3 g6 6. Be3 Bg7 7. f3 O-O 8. Qd2 Nc6 9. O-O-O d5 10. exd5 Nxd5 11. Nxc6 bxc6 12. Bd4 Bxd4 13. Qxd4 Qb6 14. Na4 Qc7 15. Bc4 Rd8 16. Nc5 Bf5 17. Bb3 Nf4 18. Qf2 Rxd1+ 19. Rxd1 Rd8 20. Re1 h5 21. g3 Nd5 22. a3 e6 23. Rd1 Qe7 24. Ba4 Rc8 25. Rd2 Qc7 26. Qe2 Qe7 27. Qf2 Qc7 28. Bb3 Rd8 29. Qd4 e5 30. Qh4 Kg7 31. g4 hxg4 32. fxg4 Bc8 33. g5 Rh8 34. Qf2 Nf4 35. Ne4 Qe7 36. h4 Be6 37. Bxe6 Qxe6 38. b3 Qg4 39. Kb2 Rxh4 40. Qxa7 Ne6 41. Nd6 Nxg5 42. Ne8+ Kh6 43. Qe7 Qf4 44. Qf8+ Kh5 45. Rg2 Rg4 46. Rh2+ Nh3 47. Rxh3+ Kg5 48. Nd6 Qd4+ 49. Rc3 f5 50. Nf7+ Kf4 51. Qh6+ Ke4 52. Qh1+ 1-0

[Event "Fagernes GM Open Autumn 2024"]
[Site "Fagernes"]
[Date "2024.10.09"]
[Round "4.21"]
[White "Mannion, Stephen R"]
[Black "Sieber, Fiona"]
[Result "1/2-1/2"]
[ECO "B80"]
[WhiteElo "2142"]
[BlackElo "2264"]
[Annotator "RC"]
[PlyCount "40"]
[EventDate "2024.10.03"]
[EventType "swiss"]
[EventCountry "NOR"]
[SourceTitle "playchess.com"]
[Source "ChessBase"]
[SourceQuality "1"]
[TimeControl "40/6000:2400+30"]

1. e4 c5 2. Nf3 d6 3. d4 cxd4 4. Nxd4 Nf6 5. Nc3 a6 6. f3 e6 7. Be3 b5 8. a3 h5 9. Qd2 Nbd7 10. O-O-O Bb7 11. Kb1 Rc8 12. Rg1 Be7 13. Be2 Qc7 14. Bg5 Qb6 15. h4 Nc5 16. Na2 Ba8 17. Be3 Qb8 18. Bg5 Qb6 19. Be3 Qb8 20. Bg5 Qb6 1/2-1/2

[Event "Fagernes GM Open Autumn 2024"]
[Site "Fagernes"]
[Date "2024.10.09"]
[Round "4.22"]
[White "Nagare Akhilesh"]
[Black "Southcott-Moyers, Indy"]
[Result "1/2-1/2"]
[ECO "C77"]
[WhiteElo "2245"]
[BlackElo "2143"]
[Annotator "RC"]
[PlyCount "122"]
[EventDate "2024.10.03"]
[EventType "swiss"]
[EventCountry "NOR"]
[SourceTitle "playchess.com"]
[Source "ChessBase"]
[SourceQuality "1"]
[TimeControl "40/6000:2400+30"]

1. e4 e5 2. Nf3 Nc6 3. Bb5 a6 4. Ba4 Nf6 5. d3 b5 6. Bb3 Be7 7. a4 Rb8 8. axb5 axb5 9. Nc3 d6 10. h3 Be6 11. Nd5 O-O 12. c3 Rb7 13. O-O Nb8 14. Nxe7+ Qxe7 15. Bc2 h6 16. Nh2 Nh7 17. f4 f6 18. f5 Bf7 19. Be3 Rd8 20. Qg4 Kh8 21. Ra8 Nc6 22. Rxd8+ Qxd8 23. Ra1 b4 24. Ba4 Ne7 25. c4 c5 26. Bb5 Be8 27. Bxe8 Qxe8 28. Ra6 Nc8 29. Qd1 Ra7 30. Qa1 Qd7 31. Qa5 Rxa6 32. Qxa6 Nf8 33. Nf3 Qc7 34. Nh4 Kh7 35. Kh2 Ne7 36. Qa4 Qd7 37. Qa5 Qc8 38. Nf3 Nd7 39. g4 Nc6 40. Qa4 Nd8 41. Nh4 Qc6 42. Qa5 Qb6 43. Qa8 Nb8 44. Ng6 Ndc6 45. Nf8+ Kg8 46. Nd7 Qa6 47. Qxa6 Nxa6 48. Nb6 Nc7 49. Nc8 Ne8 50. Kg3 Kf7 51. Kf2 Na5 52. Ke2 Kf8 53. Kd1 Kf7 54. Kc2 Kf8 55. h4 Kf7 56. g5 hxg5 57. hxg5 g6 58. fxg6+ Kxg6 59. Ne7+ Kf7 60. Nf5 fxg5 61. Bxg5 Ke6 1/2-1/2

[Event "Fagernes GM Open Autumn 2024"]
[Site "Fagernes"]
[Date "2024.10.09"]
[Round "4.23"]
[White "Skotheim, Andreas"]
[Black "Bjorkan, Olav"]
[Result "1-0"]
[ECO "D55"]
[WhiteElo "2234"]
[BlackElo "2022"]
[Annotator "RC"]
[PlyCount "127"]
[EventDate "2024.10.03"]
[EventType "swiss"]
[EventCountry "NOR"]
[SourceTitle "playchess.com"]
[Source "ChessBase"]
[SourceQuality "1"]
[TimeControl "40/6000:2400+30"]

1. d4 d5 2. c4 e6 3. Nc3 Nf6 4. cxd5 exd5 5. Bg5 Be7 6. e3 O-O 7. Bd3 b6 8. Nf3 Bb7 9. Qc2 Nbd7 10. Bf4 c5 11. O-O h6 12. h3 a6 13. a4 Nb8 14. Bxb8 Rxb8 15. Ne5 cxd4 16. exd4 Bb4 17. Rad1 Rc8 18. Qb3 Qd6 19. Rfe1 Rc7 20. Re3 Nd7 21. Rde1 Nxe5 22. Rxe5 Bxc3 23. bxc3 Qc6 24. R5e3 Rd8 25. Bb1 b5 26. axb5 axb5 27. Qxd5 Rf8 28. Qxc6 Bxc6 29. Re5 g6 30. Rc5 Rfc8 31. Ba2 Kf8 32. Re3 Bd7 33. Rxc7 Rxc7 34. Bd5 b4 35. cxb4 Rc1+ 36. Kh2 Rd1 37. Bc4 Rxd4 38. Rc3 Rd2 39. Rd3 Rc2 40. Bb3 Rb2 41. Bxf7 Bf5 42. Rb3 Rxf2 43. Bd5 Rd2 44. Bc6 Be6 45. Ra3 Bd5 46. Bxd5 Rxd5 47. Rb3 Rb5 48. Kg3 Ke7 49. Kf4 Kd6 50. Ke4 Re5+ 51. Kd4 Re2 52. b5 Rd2+ 53. Kc4 Rc2+ 54. Kd4 Rd2+ 55. Ke4 Rxg2 56. b6 Re2+ 57. Kd4 Re8 58. Rf3 Rd8 59. Rf6+ Ke7+ 60. Ke5 Rd3 61. Rxg6 Rxh3 62. Rg7+ Kd8 63. Rg8+ Kd7 64. b7 1-0

[Event "Fagernes GM Open Autumn 2024"]
[Site "Fagernes"]
[Date "2024.10.09"]
[Round "4.24"]
[White "Kaewpitakkun, Pantham"]
[Black "Welling, Gerard"]
[Result "1/2-1/2"]
[ECO "C41"]
[WhiteElo "2023"]
[BlackElo "2206"]
[Annotator "RC"]
[PlyCount "78"]
[EventDate "2024.10.03"]
[EventType "swiss"]
[EventCountry "NOR"]
[SourceTitle "playchess.com"]
[Source "ChessBase"]
[SourceQuality "1"]
[TimeControl "40/6000:2400+30"]

1. e4 d6 2. d4 Nf6 3. Nc3 e5 4. Nf3 Nbd7 5. Bc4 Be7 6. O-O O-O 7. Re1 c6 8. a4 a5 9. h3 Qe8 10. Qd3 Bd8 11. Be3 Bc7 12. Rad1 Qe7 13. Bg5 exd4 14. Qxd4 Ne5 15. Nxe5 dxe5 16. Qd3 h6 17. Bh4 g5 18. Bg3 Nh5 19. Qf3 Nf4 20. Bxf4 gxf4 21. Nb1 Qh4 22. Nd2 Kh7 23. Kh2 Bb6 24. Rf1 h5 25. Qa3 Rg8 26. Bxf7 Rg7 27. Nf3 Qf6 28. Qb3 Ba7 29. Rd2 Rxf7 30. Ng5+ Kg7 31. Nxf7 Qxf7 32. Qxf7+ Kxf7 33. Rd8 Rb8 34. Rh8 Kg6 35. Re8 Kf6 36. Rf8+ Kg6 37. Re8 Kf6 38. Rf8+ Kg6 39. Re8 Kf6 1/2-1/2

[Event "Fagernes GM Open Autumn 2024"]
[Site "Fagernes"]
[Date "2024.10.09"]
[Round "4.25"]
[White "Gudbrandsen, Gustav"]
[Black "Lien, Sebastian"]
[Result "1-0"]
[ECO "B01"]
[WhiteElo "2197"]
[BlackElo "1911"]
[Annotator "RC"]
[PlyCount "81"]
[EventDate "2024.10.03"]
[EventType "swiss"]
[EventCountry "NOR"]
[SourceTitle "playchess.com"]
[Source "ChessBase"]
[SourceQuality "1"]
[TimeControl "40/6000:2400+30"]

1. e4 d5 2. exd5 Qxd5 3. Nc3 Qd8 4. d4 Nf6 5. Bc4 g6 6. Nf3 Bg7 7. h3 Nc6 8. O-O O-O 9. a3 Bf5 10. Be3 Ne4 11. Ne2 e5 12. dxe5 Nxe5 13. Nxe5 Bxe5 14. Nd4 Nd6 15. Bb3 Rc8 16. c3 Bg7 17. Nxf5 Nxf5 18. Bc5 Re8 19. Qf3 b6 20. Rad1 Qf6 21. Rd7 Ne7 22. Qxf6 Bxf6 23. Bd4 Bxd4 24. cxd4 c6 25. Rxa7 Nd5 26. Rc1 Red8 27. Rb7 b5 28. Rc5 Rb8 29. Rxb8 Rxb8 30. Bxd5 cxd5 31. Rxd5 b4 32. a4 b3 33. Rb5 Ra8 34. Rb4 Kf8 35. Kf1 Ke7 36. Ke2 Rc8 37. Ke3 Ra8 38. Kd3 Kd6 39. Kc3 Re8 40. Rb6+ Kc7 41. Rf6 1-0

[Event "Fagernes GM Open Autumn 2024"]
[Site "Fagernes"]
[Date "2024.10.09"]
[Round "4.26"]
[White "Sorgjerd, Jan"]
[Black "Aamodt, Peder Marcus"]
[Result "0-1"]
[ECO "E32"]
[WhiteElo "1966"]
[BlackElo "2126"]
[Annotator "RC"]
[PlyCount "92"]
[EventDate "2024.10.03"]
[EventType "swiss"]
[EventCountry "NOR"]
[SourceTitle "playchess.com"]
[Source "ChessBase"]
[SourceQuality "1"]
[TimeControl "40/6000:2400+30"]

1. d4 Nf6 2. c4 e6 3. Nc3 Bb4 4. Qc2 O-O 5. a3 Bxc3+ 6. Qxc3 b5 7. b3 bxc4 8. bxc4 c5 9. e3 Bb7 10. Nf3 Nc6 11. Be2 cxd4 12. exd4 Ne4 13. Qc2 Qa5+ 14. Kf1 d5 15. Bb2 Rac8 16. Rc1 Ne7 17. c5 Ng6 18. g3 f5 19. Kg2 f4 20. g4 Bc6 21. Bd3 Rb8 22. Rb1 Rb7 23. Bc1 Rxb1 24. Qxb1 e5 25. Qb4 Qc7 26. h4 Qd7 27. Be2 Qxg4+ 28. Kf1 Ng3+ 29. fxg3 fxg3 30. Ke1 g2 31. Rg1 Qg3+ 32. Kd1 Qf2 33. Qe1 Ba4+ 34. Kd2 Rxf3 35. Qxf2 Rxf2 36. Ke3 Rf4 37. dxe5 Re4+ 38. Kf2 Nxh4 39. Bf3 Nxf3 40. Kxf3 Rxe5 41. Rxg2 d4 42. Rd2 Bc6+ 43. Kf4 Re4+ 44. Kf5 Kf7 45. Kg5 h6+ 46. Kh5 Rf4 0-1

[Event "Fagernes GM Open Autumn 2024"]
[Site "Fagernes"]
[Date "2024.10.09"]
[Round "4.27"]
[White "Kanyamarala, Trisha"]
[Black "Stromhaug, Kristoffer Wang"]
[Result "1/2-1/2"]
[ECO "E11"]
[WhiteElo "2160"]
[BlackElo "1960"]
[Annotator "RC"]
[PlyCount "43"]
[EventDate "2024.10.03"]
[EventType "swiss"]
[EventCountry "NOR"]
[SourceTitle "playchess.com"]
[Source "ChessBase"]
[SourceQuality "1"]
[TimeControl "40/6000:2400+30"]

1. d4 Nf6 2. c4 e6 3. Nf3 Bb4+ 4. Nbd2 Nc6 5. a3 Bxd2+ 6. Bxd2 d6 7. Bg5 Qe7 8. e3 e5 9. Be2 h6 10. Bxf6 Qxf6 11. O-O O-O 12. h3 a5 13. b3 Bf5 14. Rc1 Rad8 15. Qd2 b6 16. Qc3 Rfe8 17. Rfd1 exd4 18. Nxd4 Nxd4 19. Rxd4 Be4 20. Bd3 Bb7 21. Bb1 c5 22. Rg4 1/2-1/2

[Event "Fagernes GM Open Autumn 2024"]
[Site "Fagernes"]
[Date "2024.10.09"]
[Round "4.28"]
[White "Kittilsen, Sigurd"]
[Black "Simonsen, David Mindestrommen"]
[Result "1-0"]
[ECO "B90"]
[WhiteElo "1981"]
[BlackElo "1930"]
[Annotator "RC"]
[PlyCount "65"]
[EventDate "2024.10.03"]
[EventType "swiss"]
[EventCountry "NOR"]
[SourceTitle "playchess.com"]
[Source "ChessBase"]
[SourceQuality "1"]
[TimeControl "40/6000:2400+30"]

1. e4 c5 2. Nf3 d6 3. d4 cxd4 4. Nxd4 Nf6 5. Nc3 a6 6. Be3 e5 7. Nb3 Be7 8. f3 Be6 9. Qd2 h5 10. a4 Nbd7 11. Be2 Rc8 12. a5 Qc7 13. O-O O-O 14. Rfc1 Bc4 15. Bxc4 Qxc4 16. Nd5 Nxd5 17. Qxd5 Qxd5 18. exd5 f5 19. c4 h4 20. Rc2 g5 21. h3 Bd8 22. Nd2 Kg7 23. b4 g4 24. fxg4 fxg4 25. Ne4 gxh3 26. Nxd6 Rb8 27. gxh3 Be7 28. Rg2+ Kh8 29. Bc5 Nxc5 30. bxc5 Bxd6 31. cxd6 Rfd8 32. c5 Rbc8 33. Ra4 1-0

[Event "Fagernes GM Open Autumn 2024"]
[Site "Fagernes"]
[Date "2024.10.09"]
[Round "4.29"]
[White "Juodziukynas, Aidas"]
[Black "Hetland, Even"]
[Result "1/2-1/2"]
[ECO "E04"]
[WhiteElo "1917"]
[BlackElo "1970"]
[Annotator "RC"]
[PlyCount "106"]
[EventDate "2024.10.03"]
[EventType "swiss"]
[EventCountry "NOR"]
[SourceTitle "playchess.com"]
[Source "ChessBase"]
[SourceQuality "1"]
[TimeControl "40/6000:2400+30"]

1. d4 Nf6 2. Nf3 e6 3. c4 d5 4. g3 dxc4 5. Bg2 c5 6. O-O Nc6 7. dxc5 Qxd1 8. Rxd1 Bxc5 9. Nbd2 c3 10. bxc3 O-O 11. c4 e5 12. e3 Re8 13. Bb2 Bf8 14. h3 Rb8 15. Ng5 Nd7 16. Bd5 Nd8 17. Ndf3 h6 18. Ne4 Nc6 19. Rab1 Nb6 20. Bxc6 bxc6 21. Nxe5 Nxc4 22. Nxc4 Rxe4 23. Na5 Rb6 24. Rd8 Be6 25. Nb3 Bxb3 26. axb3 Rxb3 27. Rxf8+ Kxf8 28. Bxg7+ Kxg7 29. Rxb3 Re7 30. Rc3 Rc7 31. Rc5 f6 32. f4 Kf7 33. Kf2 Ke6 34. g4 Kf7 35. Kf3 Kg6 36. e4 Kf7 37. h4 Rc8 38. Rf5 Kg7 39. Ke3 c5 40. Kd3 a5 41. Rd5 Rc7 42. Rd8 Ra7 43. Kc4 a4 44. Kxc5 a3 45. Rd1 Re7 46. Re1 a2 47. Kd5 Kf7 48. g5 hxg5 49. hxg5 fxg5 50. fxg5 Ra7 51. Ra1 Ra5+ 52. Kc4 Kg6 53. Kb3 Re5 1/2-1/2

[Event "Fagernes GM Open Autumn 2024"]
[Site "Fagernes"]
[Date "2024.10.09"]
[Round "4.30"]
[White "Gasland, Lukas Dominik"]
[Black "Rustan, Elias Buschmann"]
[Result "1-0"]
[ECO "E21"]
[WhiteElo "1905"]
[BlackElo "1941"]
[Annotator "RC"]
[PlyCount "61"]
[EventDate "2024.10.03"]
[EventType "swiss"]
[EventCountry "NOR"]
[SourceTitle "playchess.com"]
[Source "ChessBase"]
[SourceQuality "1"]
[TimeControl "40/6000:2400+30"]

1. d4 Nf6 2. c4 e6 3. Nf3 b6 4. g3 Bb7 5. Nc3 Bb4 6. Bg2 O-O 7. O-O d5 8. cxd5 Nxd5 9. Qb3 Nxc3 10. bxc3 Be7 11. Rd1 Nd7 12. c4 Nf6 13. Bb2 a5 14. Rac1 a4 15. Qe3 a3 16. Ba1 Qe8 17. Ne5 Bxg2 18. Kxg2 Qa4 19. d5 exd5 20. cxd5 Bc5 21. Qf3 Rfe8 22. e3 Bd6 23. Rd4 Qb5 24. Ng4 Nxg4 25. Rxg4 Be5 26. Rxc7 f5 27. Rgxg7+ Bxg7 28. Rxg7+ Kh8 29. Rxh7+ Kg8 30. Rg7+ Kf8 31. Qxf5# 1-0

[Event "Fagernes GM Open Autumn 2024"]
[Site "Fagernes"]
[Date "2024.10.09"]
[Round "5.1"]
[White "Jumabayev, Rinat"]
[Black "Mitusov, Semen"]
[Result "1-0"]
[ECO "C54"]
[WhiteElo "2577"]
[BlackElo "2486"]
[Annotator "TA"]
[PlyCount "55"]
[EventDate "2024.10.03"]
[EventType "swiss"]
[EventCountry "NOR"]
[SourceTitle "playchess.com"]
[Source "ChessBase"]
[SourceQuality "1"]
[TimeControl "40/6000:2400+30"]

1. e4 e5 2. Nf3 Nc6 3. Bc4 Bc5 4. c3 Nf6 5. d3 a6 6. O-O d6 7. Bb3 Ba7 8. Re1 h6 9. Be3 Bxe3 10. Rxe3 O-O {[%emt 0:00:20] The position is equal.} 11. Nbd2 Re8 12. d4 Bg4 13. Qb1 Nh5 14. g3 Qf6 15. Qd3 Ne7 {[%emt 0:04:10] [#]} (15... Qg6 $11) 16. Qf1 (16. Qc4 $1 $16) 16... Nc6 17. Qd3 (17. Bd1 $14) 17... Ne7 $16 {[%emt 0:00:00] [#]} 18. Bd1 (18. Qc4 $1 $16) 18... Ng6 {[%emt 0:10:53] [#]} (18... Qe6 $11 {keeps the balance.}) 19. Nxe5 $1 Bxd1 20. Nxg6 Bg4 21. Nh4 Nf4 22. gxf4 Qxh4 23. Rg3 d5 24. e5 ({Stronger than} 24. exd5 Bh5 $11) 24... g6 25. Nf1 {[%emt 0:02:42] Ne3 would now be deadly.} Qh5 (25... Bf5 {might work better.} 26. Qxf5 Qxg3+ 27. hxg3 (27. Nxg3 gxf5 28. Nxf5 Re6 $16) 27... gxf5) 26. Ne3 $18 Bf3 27. Qf5 Qh4 {[%emt 0:00:33][%cal Oh4g3] Hoping for ...Qxg3+!} 28. Qh3 {[%emt 0:00:00] Weighted Error Value: White=0.17 (very precise) /Black=0.30.  Mistake:       	White=3     	Black=3      Inaccurate:     	---       	Black=3      OK:         	White=12    	Black=10     Brilliant:      	White=1     	---} 1-0